2969 views
Uploaded 2020-03-21 17:38:11
Game version 1.32.3
32:19 long 4on4 ladder game on (8)GolemsInTheMist_LV
Saved by BaDitO2
2969 views
Uploaded 2020-03-21 17:38:11
Game version 1.32.3
32:19 long 4on4 ladder game on (8)GolemsInTheMist_LV


181 units @ 31k
/ 6.3k
69 buildings @ 9.6k
/ 3.9k

| Lesser Clarity Potion | 4 | 280 |
| Scroll of Regeneration | 3 | 300 |
| Potion of Healing | 2 | 300 |
| Potion of Mana | 1 | 200 |
| Scroll of Town Portal | 3 | 1050 |
| Scroll of Healing | 1 | 250 |
| Staff of Teleportation | 1 | 150 |
| total: | 15 | 2530g |
| Peasant | 17 | 1275 | / | 0 |
| Footman | 11 | 1485 | / | 0 |
| Flying Machine | 18 | 1800 | / | 540 |
| Siege Engine | 22 | 4290 | / | 1320 |
| Goblin Zeppelin | 2 | 480 | / | 120 |
| total: | 70 | 9330g | / | 1980w |
| Altar of Kings | 1 | 180 | / | 50 |
| Farm | 11 | 880 | / | 220 |
| Barracks | 1 | 160 | / | 60 |
| Arcane Vault | 1 | 130 | / | 30 |
| Town Hall | 2 | 770 | / | 410 |
| Blacksmith | 1 | 140 | / | 60 |
| Lumber Mill | 1 | 120 | / | 0 |
| Workshop | 5 | 700 | / | 700 |
| Keep | 1 | 320 | / | 210 |
| Castle | 1 | 360 | / | 210 |
| total: | 23 | 3080g | / | 1530w |
| 0:09 | Peasant |
| 0:09 | Peasant |
| 0:12 | Altar of Kings |
| 0:23 | Peasant |
| 0:26 | Farm |
| 0:37 | Barracks |
| 0:38 | Peasant |
| 0:50 | Peasant |
| 0:56 | Farm |
| 1:05 | Peasant |
| 1:21 | Peasant |
| 1:49 | Peasant |
| 1:49 | Footman |
| 1:52 | Arcane Vault |
| 1:56 | Farm |
| 2:18 | Flame Strike |
| 2:29 | Footman |
| 2:39 | Peasant |
| 2:39 | Peasant |
| 2:40 | Footman |
| 2:57 | Lesser Clarity Potion |
| 3:03 | Peasant |
| 3:29 | Footman |
| 3:31 | Peasant |
| 3:47 | Town Hall |
| 3:57 | Siphon Mana |
| 4:01 | Footman |
| 4:10 | Peasant |
| 4:20 | Farm |
| 4:35 | Peasant |
| 5:35 | Keep |
| 5:37 | Footman |
| 5:37 | Footman |
| 5:47 | Lesser Clarity Potion |
| 5:48 | Scroll of Regeneration |
| 5:50 | Footman |
| 6:02 | Footman |
| 6:08 | Blacksmith |
| 6:11 | Lumber Mill |
| 6:26 | Footman |
| 6:52 | Footman |
| 7:34 | Defend |
| 7:36 | Black Gunpowder |
| 7:36 | Iron Plating |
| 8:00 | Castle |
| 8:04 | Workshop |
| 8:06 | Improved Lumber Harvesting |
| 8:42 | Flame Strike |
| 9:04 | Scroll of Town Portal |
| 9:04 | Scroll of Town Portal |
| 9:11 | Workshop |
| 9:14 | Scroll of Regeneration |
| 9:23 | Potion of Healing |
| 9:24 | Potion of Mana |
| 9:48 | Workshop |
| 9:50 | Workshop |
| 10:52 | Workshop |
| 10:54 | Flak Cannons |
| 10:56 | Flying Machine Bombs |
| 11:09 | Scroll of Town Portal |
| 11:10 | Scroll of Regeneration |
| 11:13 | Lesser Clarity Potion |
| 11:24 | Farm |
| 11:24 | Farm |
| 11:24 | Farm |
| 11:25 | Farm |
| 11:25 | Farm |
| 11:31 | Advanced Lumber Harvesting |
| 11:52 | Refined Gunpowder |
| 11:53 | Steel Plating |
| 11:54 | Flying Machine |
| 11:54 | Flying Machine |
| 12:36 | Flying Machine |
| 12:36 | Flying Machine |
| 12:36 | Flying Machine |
| 12:39 | Farm |
| 13:07 | Flying Machine |
| 13:21 | Flying Machine |
| 14:05 | Peasant |
| 14:05 | Peasant |
| 14:07 | Farm |
| 14:21 | Flying Machine |
| 14:38 | Siphon Mana |
| 15:02 | Peasant |
| 15:15 | Flying Machine |
| 15:21 | Flying Machine |
| 15:33 | Flying Machine |
| 15:42 | Flying Machine |
| 16:06 | Flying Machine |
| 16:22 | Flying Machine |
| 16:34 | Flying Machine |
| 17:05 | Flying Machine |
| 17:35 | Potion of Healing |
| 17:46 | Scroll of Healing |
| 17:56 | Flying Machine |
| 18:08 | Flying Machine |
| 18:27 | Siege Engine |
| 18:52 | Barrage |
| 19:07 | Siege Engine |
| 19:40 | Siege Engine |
| 20:07 | Siege Engine |
| 20:25 | Siege Engine |
| 20:50 | Siege Engine |
| 21:05 | Siege Engine |
| 21:21 | Staff of Teleportation |
| 21:32 | Siege Engine |
| 22:11 | Siege Engine |
| 22:23 | Siege Engine |
| 22:42 | Siege Engine |
| 23:13 | Flame Strike |
| 23:34 | Siege Engine |
| 24:06 | Siege Engine |
| 24:11 | Imbued Gunpowder |
| 24:12 | Mithril Plating |
| 24:58 | Siege Engine |
| 24:59 | Siege Engine |
| 25:01 | Siege Engine |
| 25:03 | Siege Engine |
| 25:27 | Siege Engine |
| 25:44 | Siege Engine |
| 25:47 | Lesser Clarity Potion |
| 26:11 | Siege Engine |
| 26:33 | Goblin Zeppelin |
| 27:04 | Goblin Zeppelin |
| 27:15 | Siege Engine |
| 28:23 | Siege Engine |
| 29:14 | Town Hall |
| 29:41 | Summon Phoenix |
| Right click | 1244 |
| Select group | 628 |
| Chat | 397 |
| Select | 365 |
| Build/train/purchase | 145 |
| Misc. action | 73 |
| Use ability | 58 |
| Assign group | 42 |
| Resource trade | 16 |
| Esc | 13 |
| Minimap ping | 10 |


| Rod of Necromancy | 1 | 150 |
| Potion of Healing | 7 | 1050 |
| Scroll of Town Portal | 8 | 2800 |
| Scroll of Healing | 1 | 250 |
| Scroll of Protection | 1 | 150 |
| Scroll of Regeneration | 4 | 400 |
| total: | 22 | 4800g |
| Acolyte | 9 | 675 | / | 0 |
| Ghoul | 2 | 240 | / | 0 |
| Crypt Fiend | 22 | 4730 | / | 880 |
| Frost Wyrm | 8 | 3080 | / | 960 |
| Goblin Shredder | 1 | 375 | / | 100 |
| total: | 42 | 9100g | / | 1940w |
| Spirit Tower | 6 | 870 | / | 240 |
| Graveyard | 1 | 215 | / | 0 |
| Crypt | 1 | 200 | / | 50 |
| Ziggurat | 7 | 1050 | / | 350 |
| Altar of Darkness | 1 | 180 | / | 50 |
| Tomb of Relics | 1 | 130 | / | 30 |
| Necropolis | 1 | 225 | / | 0 |
| Sacrificial Pit | 1 | 75 | / | 150 |
| Boneyard | 2 | 350 | / | 400 |
| Halls of the Dead | 1 | 320 | / | 210 |
| Black Citadel | 1 | 325 | / | 230 |
| total: | 15 | 2425g | / | 1030w |
| 0:04 | Acolyte |
| 0:11 | Graveyard |
| 0:15 | Crypt |
| 0:32 | Ziggurat |
| 0:42 | Acolyte |
| 1:02 | Altar of Darkness |
| 1:18 | Ghoul |
| 1:39 | Crypt Fiend |
| 1:41 | Ghoul |
| 1:43 | Ziggurat |
| 1:59 | Tomb of Relics |
| 2:18 | Crypt Fiend |
| 2:18 | Crypt Fiend |
| 2:18 | Crypt Fiend |
| 2:18 | Crypt Fiend |
| 2:18 | Crypt Fiend |
| 2:40 | Crypt Fiend |
| 3:00 | Death Coil |
| 3:05 | Rod of Necromancy |
| 3:17 | Crypt Fiend |
| 3:49 | Crypt Fiend |
| 4:04 | Ziggurat |
| 4:59 | Unholy Aura |
| 5:02 | Goblin Shredder |
| 5:08 | Halls of the Dead |
| 5:23 | Crypt Fiend |
| 5:23 | Crypt Fiend |
| 5:41 | Ziggurat |
| 6:29 | Crypt Fiend |
| 6:53 | Crypt Fiend |
| 7:08 | Creature Attack |
| 7:25 | Ziggurat |
| 7:37 | Acolyte |
| 7:56 | Web |
| 8:39 | Potion of Healing |
| 8:41 | Scroll of Town Portal |
| 8:52 | Frost Nova |
| 9:09 | Necropolis |
| 9:54 | Crypt Fiend |
| 10:44 | Potion of Healing |
| 10:45 | Scroll of Regeneration |
| 11:00 | Crypt Fiend |
| 11:01 | Frost Armor |
| 11:34 | Black Citadel |
| 11:37 | Acolyte |
| 11:37 | Acolyte |
| 11:37 | Acolyte |
| 11:38 | Acolyte |
| 11:47 | Sacrificial Pit |
| 12:11 | Scroll of Town Portal |
| 12:20 | Ziggurat |
| 12:23 | Acolyte |
| 13:00 | Death Coil |
| 13:02 | Crypt Fiend |
| 13:05 | Improved Creature Attack |
| 13:10 | Scroll of Protection |
| 13:13 | Scroll of Healing |
| 13:35 | Spirit Tower |
| 13:48 | Acolyte |
| 14:17 | Crypt Fiend |
| 14:22 | Boneyard |
| 14:22 | Boneyard |
| 14:24 | Spirit Tower |
| 14:35 | Ziggurat |
| 15:31 | Frost Nova |
| 15:37 | Crypt Fiend |
| 16:09 | Crypt Fiend |
| 16:09 | Crypt Fiend |
| 16:13 | Frost Wyrm |
| 16:13 | Frost Wyrm |
| 16:45 | Unholy Aura |
| 16:51 | Crypt Fiend |
| 16:52 | Frost Wyrm |
| 17:02 | Spirit Tower |
| 17:03 | Spirit Tower |
| 17:43 | Potion of Healing |
| 18:33 | Scroll of Town Portal |
| 19:17 | Creature Carapace |
| 19:18 | Frost Wyrm |
| 19:24 | Frost Armor |
| 20:37 | Frost Wyrm |
| 20:38 | Frost Wyrm |
| 20:41 | Scroll of Town Portal |
| 20:42 | Potion of Healing |
| 20:59 | Scroll of Regeneration |
| 21:14 | Crypt Fiend |
| 21:19 | Advanced Creature Attack |
| 22:18 | Death Coil |
| 22:21 | Frost Wyrm |
| 22:27 | Freezing Breath |
| 23:35 | Potion of Healing |
| 23:51 | Scroll of Regeneration |
| 23:54 | Frost Nova |
| 24:11 | Scroll of Town Portal |
| 25:58 | Animate Dead |
| 26:16 | Scroll of Town Portal |
| 26:36 | Scroll of Regeneration |
| 27:45 | Death and Decay |
| 28:17 | Potion of Healing |
| 28:25 | Scroll of Town Portal |
| 28:32 | Spirit Tower |
| 29:50 | Spirit Tower |
| 29:55 | Frost Wyrm |
| 32:05 | Potion of Healing |
| 32:08 | Scroll of Town Portal |
| Right click | 2146 |
| Select group | 404 |
| Select | 365 |
| Misc. action | 252 |
| Chat | 113 |
| Build/train/purchase | 112 |
| Use ability | 69 |
| Assign group | 49 |
| Minimap ping | 3 |
| Remove unit | 2 |


| Rod of Necromancy | 1 | 150 |
| Potion of Healing | 1 | 150 |
| Scroll of Town Portal | 5 | 1750 |
| Scroll of Healing | 1 | 250 |
| Scroll of Regeneration | 2 | 200 |
| total: | 10 | 2500g |
| Acolyte | 8 | 600 | / | 0 |
| Ghoul | 5 | 600 | / | 0 |
| Obsidian Statue | 1 | 200 | / | 35 |
| Crypt Fiend | 8 | 1720 | / | 320 |
| Abomination | 20 | 4800 | / | 1400 |
| Goblin Shredder | 2 | 750 | / | 200 |
| Forest Troll Berserker | 1 | 245 | / | 30 |
| total: | 45 | 8915g | / | 1985w |
| Spirit Tower | 5 | 725 | / | 200 |
| Ziggurat | 6 | 900 | / | 300 |
| Altar of Darkness | 1 | 180 | / | 50 |
| Crypt | 1 | 200 | / | 50 |
| Graveyard | 1 | 215 | / | 0 |
| Tomb of Relics | 1 | 130 | / | 30 |
| Necropolis | 1 | 225 | / | 0 |
| Slaughterhouse | 2 | 280 | / | 270 |
| Halls of the Dead | 1 | 320 | / | 210 |
| Black Citadel | 1 | 325 | / | 230 |
| total: | 13 | 2130g | / | 700w |
| 0:04 | Acolyte |
| 0:04 | Acolyte |
| 0:06 | Ziggurat |
| 0:09 | Altar of Darkness |
| 1:07 | Crypt |
| 1:19 | Graveyard |
| 1:46 | Ziggurat |
| 2:13 | Carrion Beetles |
| 2:15 | Ghoul |
| 2:15 | Ghoul |
| 2:25 | Ghoul |
| 2:30 | Tomb of Relics |
| 2:38 | Ghoul |
| 2:57 | Ghoul |
| 3:48 | Halls of the Dead |
| 4:10 | Rod of Necromancy |
| 4:24 | Unholy Strength |
| 4:44 | Spiked Carapace |
| 5:00 | Creature Attack |
| 5:03 | Creature Carapace |
| 5:10 | Goblin Shredder |
| 5:23 | Ziggurat |
| 5:28 | Spirit Tower |
| 7:01 | Forest Troll Berserker |
| 7:51 | Slaughterhouse |
| 7:54 | Slaughterhouse |
| 8:12 | Potion of Healing |
| 8:22 | Black Citadel |
| 8:25 | Ziggurat |
| 8:26 | Ziggurat |
| 8:29 | Ziggurat |
| 8:47 | Carrion Beetles |
| 9:06 | Obsidian Statue |
| 9:09 | Crypt Fiend |
| 9:43 | Frost Nova |
| 9:45 | Scroll of Regeneration |
| 10:41 | Crypt Fiend |
| 11:32 | Abomination |
| 11:33 | Disease Cloud |
| 11:35 | Crypt Fiend |
| 11:52 | Abomination |
| 12:22 | Goblin Shredder |
| 13:03 | Abomination |
| 13:11 | Scroll of Town Portal |
| 13:21 | Improved Creature Attack |
| 13:29 | Acolyte |
| 13:39 | Acolyte |
| 13:39 | Acolyte |
| 14:26 | Abomination |
| 14:27 | Abomination |
| 14:30 | Scroll of Town Portal |
| 14:30 | Scroll of Regeneration |
| 16:29 | Abomination |
| 16:55 | Abomination |
| 16:57 | Crypt Fiend |
| 16:57 | Crypt Fiend |
| 17:21 | Abomination |
| 18:02 | Abomination |
| 18:03 | Abomination |
| 18:04 | Crypt Fiend |
| 18:34 | Scroll of Town Portal |
| 18:45 | Necropolis |
| 19:33 | Abomination |
| 19:34 | Improved Creature Carapace |
| 20:04 | Dark Ritual |
| 20:52 | Advanced Creature Carapace |
| 20:52 | Advanced Creature Attack |
| 20:57 | Spirit Tower |
| 20:58 | Spirit Tower |
| 23:14 | Abomination |
| 23:59 | Abomination |
| 25:03 | Scroll of Town Portal |
| 25:06 | Abomination |
| 25:21 | Spirit Tower |
| 27:02 | Abomination |
| 27:03 | Crypt Fiend |
| 27:46 | Spiked Carapace |
| 28:05 | Abomination |
| 28:05 | Abomination |
| 28:07 | Crypt Fiend |
| 28:45 | Acolyte |
| 28:45 | Acolyte |
| 28:45 | Acolyte |
| 29:01 | Abomination |
| 29:29 | Unholy Armor |
| 29:37 | Improved Unholy Strength |
| 29:41 | Abomination |
| 29:46 | Spirit Tower |
| 30:16 | Scroll of Town Portal |
| 30:19 | Scroll of Healing |
| 30:37 | Abomination |
| Right click | 470 |
| Select | 403 |
| Select group | 221 |
| Chat | 94 |
| Build/train/purchase | 93 |
| Use ability | 27 |
| Assign group | 26 |
| Resource trade | 20 |
| Minimap ping | 16 |
| Remove unit | 4 |
| Misc. action | 1 |
| Item give/drop | 1 |
Dardelius
(26:38) : 

| Peasant | 10 | 750 | / | 0 |
| Rifleman | 14 | 2870 | / | 420 |
| total: | 24 | 3620g | / | 420w |
| Scout Tower | 4 | 120 | / | 80 |
| Guard Tower | 2 | 140 | / | 100 |
| Farm | 7 | 560 | / | 140 |
| Altar of Kings | 1 | 180 | / | 50 |
| Lumber Mill | 1 | 120 | / | 0 |
| Blacksmith | 1 | 140 | / | 60 |
| Barracks | 2 | 320 | / | 120 |
| Arcane Vault | 1 | 130 | / | 30 |
| Town Hall | 1 | 385 | / | 205 |
| Keep | 1 | 320 | / | 210 |
| total: | 18 | 1955g | / | 685w |
| 0:08 | Peasant |
| 0:08 | Peasant |
| 0:15 | Peasant |
| 0:27 | Peasant |
| 0:48 | Peasant |
| 0:57 | Farm |
| 1:06 | Altar of Kings |
| 1:11 | Peasant |
| 1:11 | Peasant |
| 1:22 | Peasant |
| 1:49 | Lumber Mill |
| 1:55 | Peasant |
| 1:56 | Peasant |
| 2:13 | Farm |
| 2:47 | Blacksmith |
| 2:54 | Barracks |
| 3:05 | Keep |
| 3:58 | Arcane Vault |
| 4:09 | Black Gunpowder |
| 4:13 | Rifleman |
| 4:14 | Rifleman |
| 4:14 | Rifleman |
| 4:48 | Farm |
| 4:53 | Farm |
| 5:17 | Holy Light |
| 5:29 | Barracks |
| 5:53 | Refined Gunpowder |
| 5:54 | Studded Leather Armor |
| 6:07 | Rifleman |
| 6:07 | Rifleman |
| 6:48 | Rifleman |
| 6:48 | Rifleman |
| 6:56 | Farm |
| 6:56 | Farm |
| 6:56 | Farm |
| 7:52 | Rifleman |
| 7:52 | Rifleman |
| 8:10 | Scout Tower |
| 8:19 | Scout Tower |
| 8:20 | Scout Tower |
| 8:20 | Scout Tower |
| 8:56 | Devotion Aura |
| 9:01 | Guard Tower |
| 9:20 | Guard Tower |
| 9:54 | Blizzard |
| 10:50 | Rifleman |
| 10:50 | Rifleman |
| 11:00 | Brilliance Aura |
| 13:32 | Town Hall |
| 13:49 | Rifleman |
| 13:49 | Rifleman |
| 13:49 | Rifleman |
| 15:46 | Summon Water Elemental |
| 15:59 | Devotion Aura |
| Right click | 875 |
| Chat | 670 |
| Select | 241 |
| Misc. action | 114 |
| Build/train/purchase | 45 |
| Resource trade | 37 |
| Select group | 31 |
| Use ability | 21 |
| Minimap ping | 18 |
| Assign group | 11 |
| Esc | 5 |
| Remove unit | 1 |
143 units @ 22.2k
/ 2.9k
111 buildings @ 13.2k
/ 5.3k


| Peasant | 9 | 675 | / | 0 |
| Rifleman | 28 | 5740 | / | 840 |
| Priest | 9 | 1215 | / | 90 |
| Mortar Team | 1 | 180 | / | 70 |
| total: | 47 | 7810g | / | 1000w |
| Scout Tower | 9 | 270 | / | 180 |
| Arcane Tower | 1 | 70 | / | 50 |
| Guard Tower | 7 | 490 | / | 350 |
| Blacksmith | 1 | 140 | / | 60 |
| Barracks | 1 | 160 | / | 60 |
| Altar of Kings | 1 | 180 | / | 50 |
| Farm | 12 | 960 | / | 240 |
| Lumber Mill | 1 | 120 | / | 0 |
| Arcane Vault | 1 | 130 | / | 30 |
| Arcane Sanctum | 1 | 150 | / | 140 |
| Workshop | 1 | 140 | / | 140 |
| Keep | 1 | 320 | / | 210 |
| Castle | 1 | 360 | / | 210 |
| total: | 28 | 2250g | / | 900w |
| 0:07 | Peasant |
| 0:07 | Peasant |
| 0:30 | Peasant |
| 0:45 | Peasant |
| 0:54 | Blacksmith |
| 0:58 | Barracks |
| 1:02 | Altar of Kings |
| 1:06 | Peasant |
| 1:09 | Farm |
| 1:18 | Peasant |
| 1:53 | Scout Tower |
| 1:56 | Farm |
| 2:02 | Peasant |
| 2:33 | Rifleman |
| 2:33 | Rifleman |
| 2:33 | Rifleman |
| 2:37 | Farm |
| 2:56 | Arcane Tower |
| 3:09 | Holy Light |
| 3:18 | Rifleman |
| 3:30 | Farm |
| 3:37 | Farm |
| 3:40 | Rifleman |
| 3:58 | Lumber Mill |
| 4:13 | Rifleman |
| 4:25 | Rifleman |
| 4:31 | Scout Tower |
| 4:41 | Arcane Vault |
| 4:50 | Rifleman |
| 5:12 | Rifleman |
| 5:19 | Black Gunpowder |
| 5:53 | Devotion Aura |
| 5:57 | Rifleman |
| 6:49 | Rifleman |
| 6:58 | Scout Tower |
| 7:02 | Scout Tower |
| 7:04 | Scout Tower |
| 7:09 | Guard Tower |
| 7:45 | Rifleman |
| 7:48 | Farm |
| 7:50 | Guard Tower |
| 8:07 | Keep |
| 8:09 | Guard Tower |
| 8:11 | Guard Tower |
| 8:50 | Holy Light |
| 9:04 | Rifleman |
| 9:07 | Farm |
| 9:09 | Scout Tower |
| 9:44 | Rifleman |
| 9:46 | Rifleman |
| 10:13 | Rifleman |
| 10:26 | Farm |
| 10:27 | Farm |
| 11:06 | Long Rifles |
| 11:22 | Guard Tower |
| 11:25 | Arcane Sanctum |
| 11:30 | Farm |
| 11:32 | Rifleman |
| 11:40 | Summon Water Elemental |
| 12:10 | Castle |
| 12:12 | Rifleman |
| 12:25 | Rifleman |
| 12:27 | Refined Gunpowder |
| 12:37 | Priest |
| 12:57 | Scout Tower |
| 13:00 | Scout Tower |
| 13:04 | Scout Tower |
| 13:15 | Priest |
| 13:16 | Priest |
| 13:20 | Priest Adept Training |
| 13:45 | Priest |
| 13:51 | Guard Tower |
| 14:12 | Rifleman |
| 15:11 | Priest Master Training |
| 15:11 | Priest |
| 15:11 | Priest |
| 15:28 | Divine Shield |
| 15:42 | Brilliance Aura |
| 15:55 | Rifleman |
| 15:56 | Priest |
| 16:08 | Summon Water Elemental |
| 16:27 | Devotion Aura |
| 16:39 | Farm |
| 16:43 | Rifleman |
| 16:47 | Studded Leather Armor |
| 17:34 | Guard Tower |
| 18:32 | Rifleman |
| 18:43 | Priest |
| 18:44 | Rifleman |
| 18:47 | Farm |
| 19:20 | Rifleman |
| 20:52 | Rifleman |
| 21:02 | Workshop |
| 22:23 | Mortar Team |
| 23:52 | Brilliance Aura |
| 24:06 | Devotion Aura |
| 24:10 | Summon Water Elemental |
| 27:06 | Resurrection |
| 28:16 | Rifleman |
| 31:42 | Peasant |
| 31:46 | Peasant |
| 31:54 | Rifleman |
| 31:57 | Priest |
| Right click | 964 |
| Select group | 673 |
| Select | 290 |
| Build/train/purchase | 129 |
| Misc. action | 81 |
| Assign group | 35 |
| Use ability | 29 |
| Esc | 9 |
| Minimap ping | 4 |
| Remove unit | 3 |

| Healing Salve | 1 | 100 |
| Scroll of Speed | 2 | 100 |
| Lesser Clarity Potion | 1 | 70 |
| Potion of Mana | 1 | 200 |
| Scroll of Healing | 2 | 500 |
| Scroll of Town Portal | 1 | 350 |
| Scroll of Protection | 2 | 300 |
| total: | 10 | 1620g |
| Peon | 7 | 525 | / | 0 |
| Grunt | 7 | 1400 | / | 0 |
| Troll Headhunter | 8 | 1120 | / | 160 |
| Shaman | 5 | 650 | / | 100 |
| Troll Witch Doctor | 6 | 870 | / | 150 |
| Troll Berserker | 1 | 140 | / | 20 |
| total: | 34 | 4705g | / | 430w |
| Watch Tower | 4 | 440 | / | 320 |
| Altar of Storms | 2 | 360 | / | 100 |
| Orc Burrow | 9 | 1440 | / | 360 |
| Barracks | 1 | 180 | / | 50 |
| Voodoo Lounge | 1 | 130 | / | 30 |
| War Mill | 1 | 205 | / | 0 |
| Great Hall | 1 | 385 | / | 185 |
| Spirit Lodge | 2 | 300 | / | 300 |
| Stronghold | 1 | 315 | / | 190 |
| Fortress | 1 | 325 | / | 190 |
| total: | 21 | 3440g | / | 1345w |
| 0:06 | Altar of Storms |
| 0:09 | Peon |
| 0:25 | Peon |
| 0:28 | Orc Burrow |
| 1:03 | Peon |
| 1:03 | Peon |
| 1:04 | Peon |
| 1:04 | Peon |
| 1:24 | Barracks |
| 1:46 | Orc Burrow |
| 1:59 | Peon |
| 2:21 | Voodoo Lounge |
| 2:26 | Serpent Ward |
| 2:38 | Grunt |
| 2:39 | Grunt |
| 2:44 | Orc Burrow |
| 2:51 | Orc Burrow |
| 3:18 | Grunt |
| 4:04 | Stronghold |
| 4:18 | Grunt |
| 4:25 | War Mill |
| 4:51 | Grunt |
| 4:59 | Orc Burrow |
| 5:52 | Healing Wave |
| 6:33 | Troll Headhunter |
| 6:33 | Troll Headhunter |
| 6:33 | Troll Headhunter |
| 6:37 | Fortress |
| 6:59 | Spirit Lodge |
| 7:05 | Spirit Lodge |
| 7:17 | Orc Burrow |
| 8:29 | Scroll of Protection |
| 8:30 | Scroll of Healing |
| 8:37 | Shaman Adept Training |
| 8:38 | Witch Doctor Adept Training |
| 9:04 | Serpent Ward |
| 9:58 | Shaman Master Training |
| 9:58 | Witch Doctor Master Training |
| 11:01 | Healing Wave |
| 11:17 | Shaman |
| 11:18 | Troll Witch Doctor |
| 11:36 | Reinforced Defenses |
| 11:57 | Scroll of Protection |
| 11:58 | Scroll of Healing |
| 12:07 | Troll Headhunter |
| 12:08 | Troll Headhunter |
| 12:11 | Grunt |
| 12:11 | Grunt |
| 12:12 | Berserker Strength |
| 12:19 | Shaman |
| 12:20 | Troll Witch Doctor |
| 12:22 | Healing Salve |
| 12:23 | Scroll of Speed |
| 12:46 | Lesser Clarity Potion |
| 13:09 | Potion of Mana |
| 13:21 | Troll Witch Doctor |
| 13:22 | Shaman |
| 13:31 | Spiked Barricades |
| 13:36 | Orc Burrow |
| 16:14 | Serpent Ward |
| 17:03 | Watch Tower |
| 17:05 | Watch Tower |
| 17:12 | Watch Tower |
| 17:15 | Watch Tower |
| 18:39 | Improved Spiked Barricades |
| 18:43 | Troll Witch Doctor |
| 18:43 | Shaman |
| 18:59 | Troll Headhunter |
| 18:59 | Troll Headhunter |
| 19:01 | Berserker Upgrade |
| 19:01 | Troll Regeneration |
| 19:29 | Steel Ranged Weapons |
| 19:32 | Troll Headhunter |
| 20:45 | Scroll of Town Portal |
| 20:45 | Scroll of Speed |
| 20:51 | Shaman |
| 20:51 | Troll Witch Doctor |
| 21:09 | Troll Berserker |
| 21:12 | Thorium Ranged Weapons |
| 21:36 | Great Hall |
| 23:38 | Troll Witch Doctor |
| 24:56 | Big Bad Voodoo |
| 28:17 | Holy Light |
| 30:10 | Altar of Storms |
| 30:13 | Orc Burrow |
| 30:18 | Orc Burrow |
| Right click | 738 |
| Select group | 465 |
| Select | 323 |
| Use ability | 110 |
| Build/train/purchase | 79 |
| Assign group | 78 |
| Minimap ping | 13 |
| Chat | 4 |
| Remove unit | 2 |
| Item give/drop | 1 |



| Potion of Healing | 2 | 300 |
| Scroll of Town Portal | 1 | 350 |
| Healing Salve | 1 | 100 |
| total: | 4 | 750g |
| Peasant | 15 | 1125 | / | 0 |
| Rifleman | 14 | 2870 | / | 420 |
| Mortar Team | 3 | 540 | / | 210 |
| Gryphon Rider | 1 | 280 | / | 70 |
| Siege Engine | 1 | 195 | / | 60 |
| Goblin Shredder | 2 | 750 | / | 200 |
| Goblin Zeppelin | 1 | 240 | / | 60 |
| total: | 37 | 6000g | / | 1020w |
| Scout Tower | 21 | 630 | / | 420 |
| Arcane Tower | 2 | 140 | / | 100 |
| Guard Tower | 24 | 1680 | / | 1200 |
| Altar of Kings | 1 | 180 | / | 50 |
| Farm | 8 | 640 | / | 160 |
| Blacksmith | 1 | 140 | / | 60 |
| Barracks | 1 | 160 | / | 60 |
| Lumber Mill | 1 | 120 | / | 0 |
| Town Hall | 4 | 1540 | / | 820 |
| Arcane Vault | 1 | 130 | / | 30 |
| Workshop | 1 | 140 | / | 140 |
| Gryphon Aviary | 1 | 140 | / | 150 |
| Arcane Sanctum | 1 | 150 | / | 140 |
| Keep | 2 | 640 | / | 420 |
| Castle | 2 | 720 | / | 420 |
| total: | 41 | 3970g | / | 2030w |
| 0:02 | Peasant |
| 0:02 | Peasant |
| 0:03 | Peasant |
| 0:06 | Altar of Kings |
| 0:18 | Farm |
| 0:21 | Peasant |
| 0:39 | Peasant |
| 0:45 | Farm |
| 0:56 | Farm |
| 1:08 | Peasant |
| 1:13 | Blacksmith |
| 1:18 | Barracks |
| 1:30 | Peasant |
| 1:34 | Farm |
| 1:40 | Peasant |
| 2:01 | Peasant |
| 2:16 | Rifleman |
| 2:19 | Peasant |
| 2:25 | Summon Water Elemental |
| 2:25 | Summon Water Elemental |
| 2:31 | Peasant |
| 2:39 | Rifleman |
| 2:55 | Peasant |
| 3:06 | Rifleman |
| 3:40 | Keep |
| 3:57 | Brilliance Aura |
| 4:00 | Healing Salve |
| 4:09 | Lumber Mill |
| 4:11 | Farm |
| 4:14 | Farm |
| 4:33 | Black Gunpowder |
| 4:47 | Rifleman |
| 4:49 | Farm |
| 5:29 | Rifleman |
| 5:33 | Scout Tower |
| 5:52 | Summon Water Elemental |
| 6:06 | Rifleman |
| 6:31 | Rifleman |
| 6:35 | Arcane Tower |
| 6:42 | Long Rifles |
| 6:54 | Farm |
| 7:02 | Storm Bolt |
| 7:17 | Refined Gunpowder |
| 7:17 | Studded Leather Armor |
| 7:41 | Castle |
| 8:21 | Town Hall |
| 8:33 | Workshop |
| 9:13 | Goblin Shredder |
| 9:14 | Goblin Shredder |
| 9:31 | Bash |
| 10:02 | Brilliance Aura |
| 10:17 | Goblin Zeppelin |
| 10:32 | Rifleman |
| 10:37 | Peasant |
| 10:40 | Imbued Gunpowder |
| 10:41 | Reinforced Leather Armor |
| 10:43 | Fragmentation Shards |
| 11:17 | Scout Tower |
| 11:18 | Scout Tower |
| 11:19 | Scout Tower |
| 11:27 | Gryphon Aviary |
| 11:48 | Guard Tower |
| 11:53 | Storm Bolt |
| 12:13 | Guard Tower |
| 12:15 | Mortar Team |
| 12:19 | Arcane Sanctum |
| 12:22 | Holy Light |
| 12:26 | Town Hall |
| 12:35 | Arcane Vault |
| 12:36 | Scout Tower |
| 12:44 | Scroll of Town Portal |
| 12:47 | Potion of Healing |
| 12:49 | Potion of Healing |
| 12:58 | Rifleman |
| 13:07 | Flare |
| 13:10 | Improved Lumber Harvesting |
| 14:13 | Mortar Team |
| 14:13 | Mortar Team |
| 14:16 | Gryphon Rider |
| 14:26 | Scout Tower |
| 14:27 | Guard Tower |
| 14:30 | Scout Tower |
| 14:30 | Scout Tower |
| 14:31 | Scout Tower |
| 14:33 | Scout Tower |
| 14:36 | Barrage |
| 14:36 | Siege Engine |
| 14:37 | Rifleman |
| 14:38 | Dragonhide Armor |
| 14:40 | Scout Tower |
| 14:41 | Scout Tower |
| 14:42 | Scout Tower |
| 14:49 | Rifleman |
| 14:49 | Rifleman |
| 14:49 | Rifleman |
| 14:49 | Rifleman |
| 14:58 | Guard Tower |
| 15:08 | Town Hall |
| 15:09 | Guard Tower |
| 15:09 | Guard Tower |
| 15:16 | Town Hall |
| 15:16 | Guard Tower |
| 15:39 | Guard Tower |
| 15:40 | Scout Tower |
| 15:41 | Scout Tower |
| 15:42 | Scout Tower |
| 15:45 | Guard Tower |
| 15:47 | Scout Tower |
| 15:47 | Scout Tower |
| 15:48 | Scout Tower |
| 15:50 | Guard Tower |
| 15:51 | Scout Tower |
| 15:51 | Scout Tower |
| 16:48 | Guard Tower |
| 16:54 | Peasant |
| 16:54 | Peasant |
| 17:11 | Guard Tower |
| Right click | 865 |
| Select | 482 |
| Select group | 266 |
| Build/train/purchase | 152 |
| Misc. action | 124 |
| Use ability | 42 |
| Assign group | 37 |
| Esc | 12 |
| Minimap ping | 6 |
| Item give/drop | 2 |



| Rod of Necromancy | 1 | 150 |
| Orb of Corruption | 1 | 375 |
| Potion of Healing | 1 | 150 |
| Scroll of Town Portal | 1 | 350 |
| total: | 4 | 1025g |
| Acolyte | 9 | 675 | / | 0 |
| Ghoul | 4 | 480 | / | 0 |
| Crypt Fiend | 12 | 2580 | / | 480 |
| total: | 25 | 3735g | / | 480w |
| Spirit Tower | 6 | 870 | / | 240 |
| Graveyard | 1 | 215 | / | 0 |
| Crypt | 2 | 400 | / | 100 |
| Ziggurat | 10 | 1500 | / | 500 |
| Altar of Darkness | 1 | 180 | / | 50 |
| Tomb of Relics | 1 | 130 | / | 30 |
| Necropolis | 2 | 450 | / | 0 |
| Halls of the Dead | 1 | 320 | / | 210 |
| Black Citadel | 1 | 325 | / | 230 |
| Scout Tower | 1 | 30 | / | 20 |
| Guard Tower | 1 | 70 | / | 50 |
| Lumber Mill | 1 | 120 | / | 0 |
| Town Hall | 1 | 385 | / | 205 |
| Gryphon Aviary | 1 | 140 | / | 150 |
| total: | 21 | 3550g | / | 1055w |
| 0:02 | Acolyte |
| 0:02 | Acolyte |
| 0:18 | Acolyte |
| 0:43 | Graveyard |
| 0:47 | Crypt |
| 0:49 | Ziggurat |
| 1:03 | Altar of Darkness |
| 1:18 | Ziggurat |
| 1:36 | Tomb of Relics |
| 1:49 | Ghoul |
| 1:50 | Ghoul |
| 1:53 | Ghoul |
| 1:53 | Ghoul |
| 2:15 | Crypt Fiend |
| 3:10 | Halls of the Dead |
| 3:17 | Rod of Necromancy |
| 3:27 | Crypt Fiend |
| 3:35 | Death Coil |
| 3:44 | Crypt Fiend |
| 4:13 | Ziggurat |
| 4:26 | Crypt Fiend |
| 4:48 | Unholy Aura |
| 6:26 | Crypt Fiend |
| 6:36 | Crypt Fiend |
| 6:41 | Black Citadel |
| 6:48 | Ziggurat |
| 6:59 | Creature Attack |
| 7:16 | Death Coil |
| 8:03 | Frost Nova |
| 9:01 | Crypt Fiend |
| 9:03 | Web |
| 9:03 | Burrow |
| 10:20 | Crypt Fiend |
| 10:23 | Crypt Fiend |
| 10:31 | Sleep |
| 11:11 | Crypt Fiend |
| 11:18 | Crypt |
| 11:21 | Improved Creature Attack |
| 11:35 | Scroll of Town Portal |
| 11:36 | Orb of Corruption |
| 11:48 | Potion of Healing |
| 11:54 | Crypt Fiend |
| 12:23 | Creature Carapace |
| 13:13 | Acolyte |
| 13:14 | Acolyte |
| 13:14 | Acolyte |
| 13:14 | Acolyte |
| 13:14 | Acolyte |
| 15:20 | Ziggurat |
| 15:33 | Unholy Aura |
| 16:03 | Frost Armor |
| 16:50 | Spirit Tower |
| 17:16 | Necropolis |
| 17:42 | Necropolis |
| 18:33 | Frost Nova |
| 18:57 | Ziggurat |
| 20:00 | Crypt Fiend |
| 20:19 | Ziggurat |
| 20:21 | Ziggurat |
| 20:21 | Ziggurat |
| 21:11 | Spirit Tower |
| 21:13 | Spirit Tower |
| 21:14 | Spirit Tower |
| 21:21 | Ziggurat |
| 21:25 | Acolyte |
| 23:22 | Vampiric Aura |
| 24:15 | Gryphon Aviary |
| 24:17 | Guard Tower |
| 25:13 | Lumber Mill |
| 25:48 | Town Hall |
| 27:57 | Frost Armor |
| 27:59 | Death Coil |
| 28:02 | Sleep |
| 31:17 | Scout Tower |
| Right click | 1123 |
| Select | 384 |
| Misc. action | 354 |
| Select group | 290 |
| Build/train/purchase | 86 |
| Minimap ping | 65 |
| Use ability | 60 |
| Assign group | 24 |
| Resource trade | 21 |
| Esc | 7 |
| Item give/drop | 4 |
⇛